 Dungeon Crawl Stone Soup version 0.24.0-13-gcf9b319 (webtiles) character file.

Game seed: 16687090687853716935, levelgen mode: deterministic

2297 Fang the Skirmisher (level 9, -1/57 HPs)
             Began as a Gargoyle Berserker on Nov 11, 2019.
             Was a Priest of Trog.
             Slain by a wolf (2 damage)
             ... on level 8 of the Dungeon.
             The game lasted 00:04:55 (4207 turns).

Fang the Skirmisher (Gargoyle Berserker)            Turns: 4207, Time: 00:04:55

Health: -1/57      AC: 19    Str: 24    XL:     9   Next: 40%
Magic:  9/9        EV:  9    Int:  8    God:    Trog [***...]
Gold:   299        SH:  0    Dex:  9    Spells: 8/8 levels left

rFire    . . .     SeeInvis .   a - +0 war axe
rCold    . . .     Gourm    .   (no shield)
rNeg     + . .     Faith    .   b - +0 plate armour
rPois    ∞         Spirit   .   (no helmet)
rElec    +         Reflect  .   k - scarf {cloud immunity}
rCorr    .         Harm     .   (no gloves)
MR       ++...                  (no boots)
Stlth    ..........             (no amulet)
HPRegen  1.19/turn              (no ring)
MPRegen  0.11/turn              (no ring)

@: marked, berserk cooldown, regenerating, slowed, very slow
A: negative energy resistance 1, electricity resistance, unbreathing,
petrification resistance, rot immunity, AC +6
a: Berserk, Trog's Hand, Renounce Religion


You were on level 8 of the Dungeon.
You worshipped Trog.
Trog was most pleased with you.
You were near starving.

You visited 1 branch of the dungeon, and saw 8 of its levels.

You collected 299 gold pieces.

Inventory:

Hand Weapons
 a - a +0 war axe (weapon)
Armour
 b - a +0 plate armour (worn)
 k - a scarf of cloud immunity (worn)
Scrolls
 e - 2 scrolls of magic mapping {unknown}
 h - 3 scrolls of random uselessness {unknown}
 l - 5 scrolls of identify {unknown}
 m - a scroll of amnesia {unknown}
 n - a scroll of enchant weapon {unknown}
 q - a scroll of remove curse {unknown}
 r - a scroll of fog {unknown}
 s - a scroll of enchant armour {unknown}
 t - a scroll of teleportation {unknown}
 u - a scroll of immolation {unknown}
Potions
 d - a potion of invisibility {unknown}
 f - 5 potions of curing {unknown}
 g - a potion of flight {unknown}
 i - a potion of heal wounds {unknown}
 j - 2 potions of mutation {unknown}
 o - a potion of brilliance {unknown}
 p - a potion of degeneration {unknown}
 w - 2 potions of ambrosia {unknown}
Comestibles
 c - 9 rations
 v - 4 chunks of flesh


   Skills:
 + Level 7.4 Fighting
 + Level 6.2 Axes
 + Level 7.0 Armour
 + Level 5.3 Dodging


You had 8 spell levels left.
You didn't know any spells.
Your spell library was empty.

Dungeon Overview and Level Annotations

Branches:
Dungeon (9/15)
 Temple: D:4-7         Lair: D:8-11         Orc: D:9-12

Altars:
Fedhas
Gozag
Hepliaklqana
Kikubaaqudgha
Nemelex Xobeh
Okawaru
Ru
Sif Muna
Trog
Uskayaw
Xom
The Shining One


Innate Abilities, Weirdness & Mutations

You are resistant to torment.
Your stone body is resilient. (AC +6)
You are immune to poison.
You resist negative energy. (rN+)
You are resistant to electric shocks. (rElec)
You can survive without breathing.
You are immune to petrification.
You are immune to rotting.


Message History

You destroy the adder skeleton!
Trog accepts your kill.
You barely miss the wolf. You slash the wolf!
You kill the wolf!
Trog accepts your kill.
You miss the wolf. The wolf bites you.
* * * LOW HITPOINT WARNING * * *
The wolf bites you but does no damage. The wolf closely misses you.
The wolf barely misses you.
An orc comes into view. It is wielding a +0 flail.
The wolf bites you but does no damage. x2; The wolf closely misses you.
The wolf bites you.
* * * LOW HITPOINT WARNING * * *
Your skin crawls.
You feel resistant to hostile enchantments.
You are near starving!
The wolf bites you.
* * * LOW HITPOINT WARNING * * *
The wolf bites you but does no damage. x3; The wolf bites you.
You die...

....###.## #####
....##...##....#....
....##.⌠....._.#...
....##.......≈.#...
######.≈≈≈≈≈≈..#..
##...#..≈≈≈...##..
.......≈≈≈≈...##.#
........≈≈≈....#)##
..(.....≈≈≈..⌠..@h#
...............(hhT.....
......).......#.#a5.....
..............#.#.....[.
.......###.o.......####.
.....(......#...####
#.....##...###+#.#
##.........# ...
##♣≈.♣♣...# ...#


You could see a troll, 3 wolves, a worker ant, a shadow imp and an orc.

Vanquished Creatures
  Harold (D:8)
  A deep elf mage (D:8)
  A hippogriff (D:8)
  2 phantoms
  A black bear (D:9)
  A wolf (D:8)
  A scorpion (D:5)
  2 crimson imps
  A hound (D:8)
  A centaur skeleton (D:4)
  2 orc priests (D:4)
  Jessica (D:3)
  A bullfrog skeleton (D:8)
  2 iguanas
  Natasha (thrice) (D:3)
  3 orc wizards
  A worker ant (D:5)
  5 adders
  A shadow imp (D:6)
  An adder skeleton (D:8)
  A worm (D:4)
  3 dart slugs
  4 leopard geckos
  14 orcs
  6 giant cockroaches
  8 goblins
  8 hobgoblins
  3 jackals (D:1)
  3 quokkas
  A ball python (D:3)
  11 bats
  3 frilled lizards
  2 kobolds
  A leopard gecko zombie (D:3)
  7 rats
107 creatures vanquished.

Notes
Turn   | Place    | Note
-------+----------+-------------------------------------------
     0 | D:1      | Fang the Gargoyle Berserker began the quest for the Orb.
     0 | D:1      | Reached XP level 1. HP: 14/14 MP: 1/1
   143 | D:1      | Reached XP level 2. HP: 19/19 MP: 2/2
   485 | D:2      | Reached XP level 3. HP: 23/23 MP: 3/3
   532 | D:2      | Found a sparkling altar of Nemelex Xobeh.
   599 | D:2      | Reached ** piety under Trog
   664 | D:2      | Found a shimmering blue altar of Sif Muna.
   664 | D:2      | Found a shimmering altar of Xom.
   665 | D:2      | Found a blossoming altar of Fedhas.
   738 | D:2      | Found an iron altar of Okawaru.
  1100 | D:3      | Reached XP level 4. HP: 29/29 MP: 4/4
  1245 | D:3      | Noticed Natasha
  1269 | D:3      | Killed Natasha
  1269 | D:3      | Reached XP level 5. HP: 16/33 MP: 5/5
  1275 | D:3      | Noticed Jessica
  1296 | D:3      | Killed Jessica
  1312 | D:3      | Found a hazy altar of Hepliaklqana.
  1397 | D:3      | Reached *** piety under Trog
  1428 | D:3      | Noticed Natasha
  1433 | D:3      | Killed Natasha
  1477 | D:3      | Noticed Natasha
  1487 | D:3      | Killed Natasha
  1487 | D:3      | Reached XP level 6. HP: 31/39 MP: 6/6
  1575 | D:4      | Found a bloodstained altar of Trog.
  2481 | D:4      | Found a sacrificial altar of Ru.
  2482 | D:4      | Found a glowing golden altar of the Shining One.
  2706 | D:5      | Entered Level 5 of the Dungeon
  2738 | D:5      | Found a glowing golden altar of the Shining One.
  2750 | D:5      | Noticed a phantom
  2766 | D:5      | Reached skill level 5 in Fighting
  2854 | D:5      | Killed a phantom
  2854 | D:5      | Reached XP level 7. HP: 29/44 MP: 7/7
  2990 | D:5      | Found a hide-covered altar of Uskayaw.
  2991 | D:5      | Noticed a +0 hand axe
  2991 | D:5      | Noticed a +0 dagger
  3186 | D:5      | Found a shimmering blue altar of Sif Muna.
  3470 | D:6      | Reached skill level 5 in Armour
  3615 | D:6      | Found an opulent altar of Gozag.
  3640 | D:6      | You fall into a shaft and drop 3 floors!
  3691 | D:9      | Noticed a deep elf mage
  3741 | D:8      | Killed a deep elf mage
  3741 | D:8      | Reached skill level 5 in Axes
  3741 | D:8      | Reached XP level 8. HP: 13/51 MP: 8/8
  4035 | D:8      | Noticed a hippogriff
  4041 | D:8      | Killed a hippogriff
  4160 | D:8      | Found an ancient bone altar of Kikubaaqudgha.
  4172 | D:8      | Noticed Harold
  4196 | D:8      | Noticed a troll
  4197 | D:8      | Killed Harold
  4197 | D:8      | Reached skill level 5 in Dodging
  4197 | D:8      | Reached XP level 9. HP: 53/57 MP: 9/9
  4206 | D:8      | HP: 1/57 [wolf (4)]
  4207 | D:8      | Slain by a wolf

Levels and vault maps discovered:
D:1:      dpeg_arrival_tiny_a, layout_rooms
D:2:      layout_basic, lemuel_doored_altar, gammafunk_temple_overflow_claw,
          okawaru_trees_2, chequers_serial_rivers_micro_e
D:3:      layout_rooms, nicolae_overflow_crystal_walls, uniq_jessica,
          uniq_natasha
D:4:      layout_basic, lemuel_crystal_altar, minitemple, first_ration
D:5:      layout_rooms, dancing_weapons_uskayaw, basic_altar,
          nicolae_tso_carved_into_rock
D:6:      layout_loops_ring, nicolae_gozag_cash_rules_everything_around_me,
          trog_hazing_becter, uniq_blork_the_orc
D:8:      layout_rooms, kennysheep_mini, kiku_gazebo_pond_becter,
          erik_lair_island, grunt_pizzeria, serial_bayou_crossing, uniq_harold
D:9:      layout_loops_ring, serial_shops, nicolae_shop_waterfront

Skill      XL: |  1  2  3  4  5  6  7  8  9 |
---------------+----------------------------+-----
Axes           | 3 4 5 6 |  6.2
Dodging        | 2 3 4 5 |  5.3
Armour         | 3 4 5 6 7 |  7.0
Fighting       | 4 5 6 7 |  7.4

Action                   |  1- 3 |  4- 6 |  7- 9 || total
-------------------------+-------+-------+-------++-------
Melee: Hand axe          |   133 |    80 |       ||   213
       War axe           |       |   110 |   179 ||   289
Invok: Berserk           |       |     2 |     3 ||     5
       Trog's Hand       |       |     1 |     3 ||     4
  Eat: Chunk             |     1 |     7 |     5 ||    13
       Ration            |       |       |     1 ||     1
Armor: Animal skin       |     5 |       |       ||     5
       Plate armour      |   112 |   153 |   176 ||   441
Dodge: Dodged            |    62 |    72 |   114 ||   248
